 Dungeon Crawl Stone Soup version 0.28-a0-577-gb193047a1f (webtiles) character file.

Game seed: 7217774750461644113

741 Armakuni the Conjurer (level 8, -1/52 HPs)
             Began as a Human Conjurer on Oct 1, 2021.
             Slain by a wraith (5 damage)
             ... on level 5 of the Dungeon.
             The game lasted 00:12:38 (5492 turns).

Armakuni the Conjurer (Human Conjurer)              Turns: 5492, Time: 00:12:38

Health: -1/52      AC:  5    Str: 10    XL:     8   Next: 5%
Magic:  2/16       EV: 12    Int: 19    God:
Gold:   168        SH:  0    Dex: 11    Spells: 7/18 levels left

rFire   . . .      SeeInvis .   a - +0 dagger (spect)
rCold   . . .      Faith    .   (no shield)
rNeg    . . .      Spirit   .   d - +0 robe
rPois   .          Reflect  .   (no helmet)
rElec   .          Harm     .   s - +0 cloak
rCorr   .          Rampage  .   e - +1 pair of gloves
Will    .....                   (no boots)
Stlth   ++........              (no amulet)
HPRegen 0.17/turn               (no ring)
MPRegen 0.15/turn               (no ring)

@: slowed, very slow
A: no striking features
a: no special abilities


You were on level 5 of the Dungeon.
You visited 1 branch of the dungeon, and saw 5 of its levels.

You collected 233 gold pieces.
You spent 65 gold pieces at shops.

Inventory:

Hand Weapons
 a - a +0 spectral dagger (weapon)
 q - a +3 quarterstaff of chaos
Missiles
 n - 29 poisoned darts
Armour
 d - a +0 robe (worn)
 e - a +1 pair of gloves (worn)
 j - a +0 leather armour
 m - a scarf of repulsion
 s - a +0 cloak (worn)
Magical Staves
 b - a staff of fire
Wands
 f - a wand of flame (19)
Scrolls
 c - 3 scrolls of enchant armour
 g - 2 scrolls of magic mapping
 i - 2 scrolls of fog
 r - a scroll of summoning {unknown}
 t - a scroll of amnesia {unknown}
 v - a scroll of silence {unknown}
Potions
 k - a potion of resistance
 o - a potion of mutation
 p - a potion of magic {unknown}
 u - a potion of berserk rage {unknown}


   Skills:
 - Level 2.0 Dodging
 - Level 2.0 Stealth
 + Level 5.7 Spellcasting
 + Level 7.1 Conjurations


You had 7 spell levels left.
You knew the following spells:

 Your Spells              Type           Power      Damage    Failure   Level
a - Magic Dart            Conj           100%       1d8       1%          1
m - Iskenderun's Mystic   Conj/Tloc      19%        2d6       26%         4
p - Fulminant Prism       Conj/Hex       9%         3d7       26%         4
z - Searing Ray           Conj           64%        2d6       1%          2

Your spell library contained the following spells:

 Spells                   Type           Power      Damage    Failure   Level
 Dazzling Flash           Conj/Hex       38%        N/A       8%          3
 Gell's Gravitas          Tloc           2%         N/A       34%         3
 Lesser Beckoning         Tloc           5%         N/A       34%         3
 Teleport Other           Tloc           5%         N/A       34%         3


Dungeon Overview and Level Annotations

Branches:
Dungeon (5/15)
 Temple: D:4-7

Altars:
Xom

Shops:
D:2 !


Message History

The wraith drains your vigour!
You feel as though you will be slow longer.
Aiming: Throw Flame
Press: ? - help, Shift-Dir - straight line, f/p - wraith
Aim: a wraith (almost destroyed, 68% to hit)
The puff of flame hits the wraith but does no damage.
The wraith is almost destroyed.
The wraith barely misses you. The wraith hits you but does no damage.
Aiming: Throw Flame
Press: ? - help, Shift-Dir - straight line, f/p - wraith
Aim: a wraith (almost destroyed, 68% to hit)
The puff of flame misses the wraith.
The wraith closely misses you.
Aiming: Throw Flame
Press: ? - help, Shift-Dir - straight line, f/p - wraith
Aim: a wraith (almost destroyed, 68% to hit)
The puff of flame hits the wraith.
The wraith is almost destroyed.
The wraith hits you!
* * * LOW HITPOINT WARNING * * *
The wraith drains your vigour!
You feel as though you will be slow longer.
The wraith hits you.
* * * LOW HITPOINT WARNING * * *
The wraith drains your vigour!
You feel as though you will be slow longer.
You don't have enough magic to cast this spell.
You don't have enough magic to cast this spell.
Unknown command.
You feel better. The wraith hits you!
* * * LOW HITPOINT WARNING * * *
Okay, then.
Okay, then.
Unknown command.
Aiming: Throw Flame
Press: ? - help, Shift-Dir - straight line, f/p - wraith
Aim: a wraith (almost destroyed, 68% to hit)
The puff of flame hits the wraith.
The wraith is almost destroyed.
The wraith closely misses you. The wraith hits you.
You die...

....#[......##>#.#
............##.#.#
...##.....###/#.## ...
#..##...####.... ....
.....W.........####....
#########.#.........#.#
#.....(......#....#
#....W.........#
#####....@.......###
...#............#
#..............#
##.............#
##.<........#.##
##.............$#
#..........###...#
#..######### #...# ###
#...#


You could see a wraith.

Vanquished Creatures
  Eustachio (D:4)
  A necrophage (D:3)
  2 scorpions (D:4)
  A water moccasin zombie (D:3)
  A water moccasin skeleton (D:5)
  A hound (D:4)
  Crazy Yiuf (D:4)
  A centaur skeleton (D:4)
  An iguana (D:4)
  An orc wizard (D:4)
  6 adders
  2 adder skeletons (D:4)
  3 worms (D:3)
  3 dart slugs
  7 orcs
  9 ball pythons
  6 bats
  4 endoplasms
  2 giant cockroaches
  7 hobgoblins
  8 jackals
  2 quokkas
  6 frilled lizards
  8 goblins
  9 kobolds
  8 rats
101 creatures vanquished.

Notes
Turn   | Place    | Note
-------+----------+-------------------------------------------
     0 | D:1      | Armakuni the Human Conjurer began the quest for the Orb.
     0 | D:1      | Reached XP level 1. HP: 13/13 MP: 3/3
    11 | D:1      | Noticed a merfolk zombie
    15 | D:1      | Noticed a minotaur zombie
   201 | D:1      | Reached XP level 2. HP: 19/19 MP: 1/5
   257 | D:1      | Learned a level 2 spell: Searing Ray
   730 | D:1      | Reached XP level 3. HP: 24/24 MP: 3/6
  1162 | D:1      | Found a faded altar of an unknown god.
  1773 | D:2      | Reached XP level 4. HP: 26/30 MP: 3/8
  2119 | D:2      | Found Weyl Vun's Distillery.
  2132 | D:2      | Bought a potion of heal wounds for 65 gold pieces
  2352 | D:2      | Found a shimmering altar of Xom.
  2474 | D:2      | Learned a level 4 spell: Iskenderun's Mystic Blast
  2841 | D:3      | Reached skill level 5 in Conjurations
  3094 | D:3      | Noticed a necrophage
  3137 | D:3      | Killed a necrophage
  3138 | D:3      | Reached XP level 5. HP: 35/35 MP: 3/10
  3694 | D:3      | Reached XP level 6. HP: 41/41 MP: 7/12
  4114 | D:4      | Learned a level 4 spell: Fulminant Prism
  4239 | D:4      | Reached skill level 6 in Conjurations
  4356 | D:4      | Reached XP level 7. HP: 44/46 MP: 4/14
  4741 | D:4      | Noticed Eustachio
  4784 | D:4      | Killed Eustachio
  4785 | D:4      | Reached skill level 5 in Spellcasting
  5108 | D:4      | Found a runed translucent door.
  5109 | D:4      | Noticed Crazy Yiuf
  5117 | D:4      | Killed Crazy Yiuf
  5195 | D:4      | Reached skill level 7 in Conjurations
  5427 | D:5      | Entered Level 5 of the Dungeon
  5442 | D:5      | Reached XP level 8. HP: 52/52 MP: 10/16
  5462 | D:5      | Noticed a wraith
  5492 | D:5      | Slain by a wraith

Illustrated notes

Levels and vault maps discovered:
D:1:      shiori_arrival_whats_in_store_for_you, layout_basic,
          hellmonk_ecumenical_altar_pennies_from_heaven, skrybe_limestone_x,
          solitary_fountain, minmay_cut_off
D:2:      layout_loops_ring, basic_altar, serial_shops, nicolae_shop_trees
D:3:      minmay_general_purpose_star, layout_basic
D:4:      layout_basic, serial_glass, glass_columns_a, glass_columns_c,
          chequers_avenue, uniq_eustachio, uniq_crazy_yiuf_cottage
D:5:      layout_rooms, minmay_misc_feat_enclosed, minmay_quadrilaterals

Skill      XL: |  1  2  3  4  5  6  7 |
---------------+----------------------+-----
Spellcasting   | 3 4 5 |  5.7
Conjurations   | 5 6 7 |  7.1
Dodging        | |  2.0
Stealth        | |  2.0

Action                   |  1- 3 |  4- 6 |  7- 9 || total
-------------------------+-------+-------+-------++-------
Melee: Dagger            |    19 |     6 |    10 ||    35
 Cast: Magic Dart        |    13 |       |       ||    13
       Searing Ray       |    23 |    48 |    17 ||    88
Evoke: Wand              |       |       |     5 ||     5
  Use: Scroll            |       |     8 |     1 ||     9
       Potion            |       |       |     5 ||     5
 Stab: Sleeping          |     1 |       |       ||     1
Armor: Robe              |     4 |     6 |    23 ||    33
       Skin              |       |       |     1 ||     1
Dodge: Dodged            |    19 |    18 |    56 ||    93
       Repelled          |       |       |     2 ||     2

Table legend: (Time is in decaauts)
 A = Elapsed time spent in this place.
 B = Non-inter-level travel time spent in this place.
 C = Inter-level travel time spent in this place.
 D = Time resting spent in this place.
 E = Time spent auto-exploring this place.
 F = Levels seen in this place.
 G = Mean time per level.
                   A        B        C        D        E       F      G
               +--------+--------+--------+--------+--------+-----+--------+
         Total |   5485 |   5328 |    157 |    959 |   3295 |   5 | 1097.0 |
       Dungeon |   5485 |   5328 |    157 |    959 |   3295 |   5 | 1097.0 |
               +--------+--------+--------+--------+--------+-----+--------+

Top non-repeatable levels by time:
     D:1: 1683 daAuts
     D:4: 1377 daAuts
     D:3: 1304 daAuts
     D:2: 1048 daAuts
     D:5: 71 daAuts
